 Dungeon Crawl Stone Soup version 0.31-a0-702-gf82c85558f (webtiles) character file.

Game seed: 9732070391490020494

72 qw the Shooter (level 4, -1/28 HPs)
             Began as a Gargoyle Hunter on Sept 8, 2023.
             Slain by Grinder (8 damage)
             ... on level 3 of the Dungeon.
             The game lasted 00:00:27 (1636 turns).

qw the Shooter (Gargoyle Hunter)                    Turns: 1636, Time: 00:00:28

Health: -1/28      AC:  8    Str: 14    XL:     4   Next: 26%
Magic:  4/4        EV: 10    Int: 10    God:
Gold:   30         SH:  0    Dex: 15    Spells: 3/3 levels left

rFire   . . .        Y - +0 shortbow
rCold   . . .        (shield currently unavailable)
rNeg    + . .        d - +0 ring mail
rPois   inf          (no helmet)
rElec   +            (no cloak)
rCorr   .            (no gloves)
SInv    .            (no boots)
Will    .....        (no amulet)
Stlth   +            (no ring)
HPRegen 0.24/turn    (no ring)
MPRegen 0.09/turn

%: no passive effects
@: no status effects
A: sickness immunity, AC +3, negative energy resistance 1, electricity
resistance, torment resistance 1, petrification resistance
a: no special abilities


You were on level 3 of the Dungeon.
You visited 1 branch of the dungeon, and saw 3 of its levels.

You collected 114 gold pieces.
You spent 84 gold pieces at shops.


Innate Abilities, Weirdness & Mutations

You are immune to sickness and miasma.
Your stone body is resilient. (AC +3)
You are immune to poison.
You resist negative energy. (rN+)
You are resistant to electric shocks. (rElec)
You are resistant to unholy torment.
You are immune to petrification.


   Skills:
 - Level 3.3 Fighting
 + Level 5.0 Ranged Weapons
 - Level 1.0 Armour
 - Level 1.5 Dodging
 - Level 1.1 Stealth


You had 3 spell levels left.
You didn't know any spells.
Your spell library was empty.

Inventory:

Hand Weapons
 Y - a +0 shortbow (weapon)
Armour
 d - a +0 ring mail (worn)
Scrolls
 a - 3 scrolls of identify
Potions
 b - a potion of invisibility {unknown}
 e - a potion of berserk rage {unknown}
 f - a potion of brilliance {unknown}
 g - 2 potions of curing

Dungeon Overview and Level Annotations

Branches:
Dungeon (3/15)

Altars:
Qazlal

Shops:
D:3 ?

Annotations:
D:3 Grinder


Message History

You kill Jessica!
Your Fighting skill increases to level 3!
You have reached level 4!
You feel clever.
There is a stone staircase leading down here.
You see here a wand of roots (11).
Grinder comes into view.
Grinder moves out of view.
A rat comes into view.
You shoot an arrow. The arrow hits the rat.
You kill the rat!
You shoot an arrow. The arrow hits Grinder.
Grinder is lightly wounded.
Grinder gestures at you. Pain shoots through your body!
You shoot an arrow. The arrow closely misses Grinder.
Grinder is nearby!
You shoot an arrow. The arrow closely misses Grinder.
Grinder says, "Are you a fish?"
Grinder says, "There's only one good use for a tongue: cutting it out."
Grinder hits you but does no damage.
You shoot an arrow. The arrow barely misses Grinder.
Grinder hits you!
You shoot an arrow. The arrow barely misses Grinder.
Grinder closely misses you.
You shoot an arrow. The arrow barely misses Grinder.
Grinder hits you.
You shoot an arrow. The arrow hits Grinder.
Grinder is lightly wounded.
Grinder hits you but does no damage. Grinder closely misses you.
You shoot an arrow. The arrow closely misses Grinder.
Grinder gestures at you.
You suddenly lose the ability to move!
Grinder hits you but does no damage. Grinder hits you!
You writhe in agony.
You can move again.
You shoot an arrow. The arrow hits Grinder.
Grinder is lightly wounded.
Grinder hits you!
You die...
Grinder says, "Now the real fun starts!"

).
..#._.#.....#
.. .. #.....#
#. ##....##
... #..##.# #
#.###.# 8 .
#.###.#
....#+#.....#
#......#5.#
#########@#
#.# ..# ####


You could see Grinder.

Vanquished Creatures
  Jessica (D:3)
  A worm (D:2)
  A dart slug (D:2)
  An orc (D:3)
  4 endoplasms
  2 giant cockroaches (D:1)
  4 goblins
  2 hobgoblins (D:1)
  6 jackals (D:2)
  2 quokkas
  3 ball pythons
  4 bats
  2 frilled lizards (D:2)
  4 rats
37 creatures vanquished.

Notes
Turn   | Place    | Note
-------+----------+-------------------------------------------
     0 | D:1      | qw the Gargoyle Hunter began the quest for the Orb.
     0 | D:1      | Reached XP level 1. HP: 12/12 MP: 1/1
     0 | D:1      | 0 ||| qw: Version: 0.3-a-76-g4403597
     0 | D:1      | 0 ||| qw: Game counter: 953
     0 | D:1      | 0 ||| qw: Melee chars always use a shield: true
     0 | D:1      | 0 ||| qw: God list: Okawaru
     0 | D:1      | 0 ||| qw: Allow faded altars: false
     0 | D:1      | 0 ||| qw: Do Orc after clearing Dungeon:15 true
     0 | D:1      | 0 ||| qw: Do second Lair branch before Depths: true
     0 | D:1      | 0 ||| qw: Lair rune preference: random
     0 | D:1      | 0 ||| qw: Goals: Normal
     0 | D:1      | 0 ||| PLANNING D:1-11
   165 | D:1      | Reached XP level 2. HP: 17/17 MP: 2/2
   657 | D:1      | 657 ||| UPGRADING to +0 ring mail.
   667 | D:1      | 667 ||| DROPPING +0 leather armour.
   668 | D:1      | 668 ||| DRINKING 2 coppery potions.
   669 | D:1      | 669 ||| DROPPING scroll of butterflies.
   842 | D:2      | Reached skill level 1 in Armour
   842 | D:2      | Reached XP level 3. HP: 21/21 MP: 3/3
  1042 | D:2      | Reached skill level 5 in Ranged Weapons
  1400 | D:2      | 1400 ||| READING scroll labelled OCSONNOALO.
  1438 | D:3      | Found Kifriara's Magic Scroll Shop.
  1441 | D:3      | 1441 ||| BUYING scroll of identify (28 gold).
  1441 | D:3      | Bought a scroll of identify for 28 gold pieces
  1441 | D:3      | 1441 ||| BUYING scroll of identify (28 gold).
  1441 | D:3      | Bought a scroll of identify for 28 gold pieces
  1441 | D:3      | 1441 ||| BUYING scroll of identify (28 gold).
  1441 | D:3      | Bought a scroll of identify for 28 gold pieces
  1441 | D:3      | 1441 ||| SHOPLISTING scroll of identify (28 gold, have 21).
  1441 | D:3      | 1441 ||| SHOPLISTING scroll of teleportation (42 gold, have
                  | 21).
  1591 | D:3      | Found a stormy altar of Qazlal.
  1591 | D:3      | Noticed Jessica
  1596 | D:3      | Killed Jessica
  1597 | D:3      | Reached skill level 3 in Fighting
  1597 | D:3      | Reached XP level 4. HP: 28/28 MP: 4/4
  1619 | D:3      | Noticed Grinder
  1633 | D:3      | Paralysed by Grinder for 3 turns
  1635 | D:3      | HP: 7/28 [Grinder (3)]
  1636 | D:3      | Slain by Grinder

Levels and vault maps discovered:
D:1:      minmay_arrival_four_circles, layout_loops_ring
D:2:      layout_loops_corners
D:3:      layout_loops_cross, mainiacjoe_overflow_surrounded_room, serial_shops,
          nicolae_shop_tiny_statue_garden, nicolae_shop_tiny_real_fake_doors,
          nicolae_shop_back_alley_shop, minmay_crystal_water, wad_orctagon,
          uniq_grinder, uniq_jessica

Skill      XL: |  1  2  3 |
---------------+----------+-----
Armour         | 1 |  1.0
Ranged Weapons | 5 |  5.0
Fighting       | 3 |  3.3
Dodging        | |  1.5
Stealth        | |  1.1

Action                     |  1- 3 |  4- 6 || total
---------------------------+-------+-------++-------
   Fire: Shortbow          |    95 |    10 ||   105
    Use: Potion            |     1 |       ||     1
         Scroll            |     1 |       ||     1
 Armour: Leather armour    |     4 |       ||     4
         Ring mail         |    14 |     7 ||    21
  Dodge: Dodged            |    12 |     2 ||    14

Table legend:
 A = Non-vault XP
 B = Vault XP
 C = Vault XP percentage of total XP
 D = Non-vault monster count
 E = Vault monster count
 F = Vault count percentage of total count
                 A         B        C        D         E       F
            +---------+---------+-------+---------+---------+-------
      Total |      67 |      37 |  35.6 |      36 |       1 |   2.7
            +---------+---------+-------+---------+---------+-------
        D:1 |      26 |       0 |   0.0 |      15 |       0 |   0.0
        D:2 |      30 |       0 |   0.0 |      15 |       0 |   0.0
        D:3 |      11 |      37 |  77.1 |       6 |       1 |  14.3
            +---------+---------+-------+---------+---------+-------
